 Dungeon Crawl Stone Soup version 0.30.1 (webtiles) character file.

Game seed: 17662115410653818370

213243 AgateBread the Brawler (level 17, -1/174 HPs)
             Began as a Troll Gladiator on July 1, 2023.
             Was an Initiate of Gozag.
             Hit by a silver javelin thrown by a merfolk javelineer (3 damage)
             ... on level 4 of the Shoals.
             The game lasted 03:02:53 (33518 turns).

AgateBread the Brawler (Troll Gladiator)           Turns: 33518, Time: 03:02:54

Health: -1/174     AC: 14    Str: 33    XL:     17   Next: 80%
Magic:  16/16      EV: 17    Int:  4    God:    Gozag
Gold:   6428       SH: 21    Dex: 25    Spells: 16/16 levels left

rFire   . .          .
                       - Unarmed
rCold   + + +        V - +0 tower shield
rNeg    . . .        Q - +4 skin of Zhor {*Englaciate rC+++ SInv}
rPois   +            b - +2 hat
rElec   .            f - +2 cloak
rCorr   .            (gloves unavailable)
SInv    +            (boots unavailable)
Will    ++...        B - amulet "Qoddalada" {Acrobat Rampage rPois Str+3}
Stlth   ++           D - +6 ring of dexterity
HPRegen 1.29/turn    r - ring of Springtime {Will+ Str+4 Dex+2 SInv}
MPRegen 0.15/turn

%: acrobat, rampage
@: spiked, gold aura, hasted, studying Ice Magic, very quick
A: large, unfitting armour, claws 3, regeneration 1, shaggy fur 1, tough skin 1
}: 2/15 runes: serpentine, barnacled
a: Renounce Religion, Potion Petition, Call Merchant, Bribe Branch


You were on level 4 of the Shoals.
You worshipped Gozag.
Gozag was greatly pleased with you.
You visited 5 branches of the dungeon, and saw 29 of its levels.
You also visited: Bailey and Ice Cave.

You collected 13699 gold pieces.
You spent 3719 gold pieces at shops.
You paid 3552 gold pieces to Gozag.

Inventory:

Missiles
 a - 8 javelins
 c - 3 throwing nets
 d - 67 large rocks
 e - 2 silver boomerangs
 s - 18 boomerangs
 w - 11 curare-tipped darts
 F - 33 poisoned darts
 W - 3 boomerangs of dispersal
Armour
 b - a +2 hat (worn)
 f - a +2 cloak (worn)
 t - the +0 robe "Ecast" {rElec rF+}
   (You bought it in a shop on level 4 of the Lair of Beasts)

   rF:        It protects you from fire.
   rElec:     It insulates you from electricity.
 N - the +3 robe of the Wary Thickets {rF+ Int+3}
   (You bought it in a shop on level 4 of the Dungeon)

   Int:       It affects your intelligence (+3).
   rF:        It protects you from fire.
 Q - the +4 skin of Zhor (worn) {*Englaciate rC+++ SInv}
   (You found it on level 9 of the Dungeon)

   *Englaciate: It radiates cold, occasionally slowing all nearby creatures who
   are not resistant to cold.
   rC:        It renders you almost immune to cold.
   SInv:      It lets you see invisible.
 V - a +0 tower shield (worn)
Jewellery
 r - the ring of Springtime (right claw) {Will+ Str+4 Dex+2 SInv}
   (You bought it in a shop on level 2 of the Orcish Mines)

   [ring of willpower]

   Str:       It affects your strength (+4).
   Dex:       It affects your dexterity (+2).
   SInv:      It lets you see invisible.
   Will:      It increases your willpower.
 y - a +5 ring of evasion
 B - the amulet "Qoddalada" (around neck) {Acrobat Rampage rPois Str+3}
   (You found it on level 6 of the Dungeon)

   [amulet of the acrobat]

   It increases your evasion while moving and waiting.
   Str:       It affects your strength (+3).
   rPois:     It protects you from poison.
   Rampage:   It bestows one free step when moving towards enemies.
 D - a +6 ring of dexterity (left claw)
 J - a ring of protection from fire
 U - a +5 ring of evasion
 Y - a ring of resist corrosion
Wands
 k - a wand of mindburst (15)
 A - a wand of charming (21)
 C - a wand of polymorph (6)
 H - a wand of roots (20)
 K - a wand of digging (5)
 M - a wand of acid (14)
Scrolls
 g - 7 scrolls of teleportation
 i - 3 scrolls of fog
 l - 7 scrolls of immolation
 p - a scroll of silence
 x - a scroll of magic mapping
 O - 6 scrolls of poison
 R - 2 scrolls of amnesia
 S - 2 scrolls of enchant armour
Potions
 h - 6 potions of mutation
 j - 4 potions of cancellation
 n - a potion of invisibility
 o - 3 potions of might
 u - 18 potions of curing
 v - 4 potions of lignification
 z - a potion of attraction
 E - 7 potions of haste
 I - a potion of heal wounds
 L - 2 potions of flight
 T - 4 potions of ambrosia
 X - 2 potions of berserk rage
Miscellaneous
 q - a box of beasts
 P - a tin of tremorstones (2/2)
 Z - a phial of floods


   Skills:
 + Level 12.3 Fighting
 - Level 12.8 Throwing
 + Level 7.4 Armour
 - Level 10.0 Dodging
 + Level 12.9 Shields
 - Level 18.3 Unarmed Combat


You had 16 spell levels left.
You didn't know any spells.
Your spell library contained the following spells:

 Spells                   Type           Power      Damage    Failure   Level
 Apportation              Tloc           0%         N/A       77%         1
 Magic Dart               Conj           0%         1d3       77%         1
 Necrotise                Necr           0%         1d4       77%         1
 Slow                     Hex            0%         N/A       77%         1
 Summon Small Mammal      Summ           0%         N/A       77%         1
 Blink                    Tloc           0%         N/A       88%         2
 Call Imp                 Summ           0%         N/A       88%         2
 Sublimation of Blood     Necr           0%         N/A       88%         2
 Call Canine Familiar     Summ           0%         N/A       98%         3
 Confusing Touch          Hex            0%         N/A       98%         3
 Gell's Gravitas          Tloc           0%         N/A       98%         3
 Mephitic Cloud           Conj/Pois/Air  0%         N/A       98%         3
 Ozocubu's Armour         Ice            0%         N/A       98%         3
 Portal Projectile        Hex/Tloc       0%         N/A       98%         3
 Teleport Other           Tloc           0%         N/A       98%         3
 Vampiric Draining        Necr           0%         2d6       98%         3
 Vhi's Electric Charge    Tloc/Air       0%         N/A       98%         3
 Leda's Liquefaction      Hex/Erth       0%         N/A       100%        4
 Manifold Assault         Tloc           0%         N/A       100%        4
 Petrify                  Tmut/Erth      0%         N/A       100%        4
 Alistair's Intoxication  Tmut/Pois      0%         N/A       100%        5
 Arcjolt                  Conj/Air       0%         1d10      100%        5
 Fireball                 Conj/Fire      0%         3d3       100%        5
 Irradiate                Conj/Tmut      0%         3d11      100%        5
 Iskenderun's Battlesphe  Conj           0%         2d6       100%        5
 Conjure Ball Lightning   Conj/Air       0%         3x3d6     100%        6
 Dispersal                Tloc           0%         N/A       100%        6
 Orb of Destruction       Conj           0%         9d5       100%        7
 Ozocubu's Refrigeration  Ice            0%         4d7       100%        7
 Storm Form               Tmut/Air       0%         N/A       100%        7
 Borgnjor's Revivificati  Necr           0%         N/A       100%        8
 Maxwell's Capacitive Co  Air            0%         ∞         100%        8
 Necromutation            Tmut/Necr      0%         N/A       100%        8
 Death's Door             Necr           0%         N/A       100%        9


Dungeon Overview and Level Annotations

Branches:
Dungeon (14/15)            Temple (0/1) D:7            Lair (5/5) D:8
 Shoals (4/4) Lair:2        Snake (4/4) Lair:2        Slime (0/5) Lair:5
    Orc (2/2) D:9             Elf (0/3) Orc:2        Vaults (0/5) D:14
 Bailey (visited)           IceCv (visited)

Altars:
Elyvilon
Gozag
Nemelex Xobeh
Sif Muna
Wu Jian
Zin
The Shining One
Jiyva

Shops:
D:4 ([(!(   D:6 ?   D:9 [   D:13 !   Orc:2 *[[(   Lair:4 [[   Snake:2 *

Annotations:
D:14 Rupert
Lair:3 3 runed translucent doors, acarine's ghost, journeyman TrWr


Innate Abilities, Weirdness & Mutations

You are too large for most types of armour.
You have claws for hands.
Your natural rate of healing is unusually fast.
You are covered in fur. (AC +1)
You have tough skin. (AC +1)


Message History

Okay, then.
You feel much better.
The manticore flicks its tail.
The volley of spikes hits you.
The barbed spikes become lodged in your body.
The merfolk javelineer throws a silver javelin.
The silver javelin pierces through you!!
* * * LOW HITPOINT WARNING * * *
x2
Okay, then.
Okay, then.
The barbs in your skin will harm you if you move.
Continue?
Okay, then.
Okay, then.
Activating: Potion Petition
Press: ? - help, Q - select action, (/) - cycle Dir - look around, f - activate [a] - 300 gold - haste and heal wounds [b] - 616 gold - resistance, might and invisibility [c] - 351 gold - heal wounds and magic Purchase which effect?
You feel yourself speed up.
You feel much better.
The manticore flicks its tail.
The volley of spikes hits you!
The barbed spikes become lodged in your body.
* * * LOW HITPOINT WARNING * * *
The merfolk javelineer throws a silver javelin.
The silver javelin pierces through you!
* * * LOW HITPOINT WARNING * * *
x2 You mangle the merfolk javelineer!!
The merfolk javelineer is almost dead.
You closely miss the merfolk javelineer.
The merfolk javelineer is almost dead.
The manticore flicks its tail.
The volley of spikes hits you!!
The barbed spikes become lodged in your body.
* * * LOW HITPOINT WARNING * * *
The merfolk javelineer throws a silver javelin.
The silver javelin pierces through you!
* * * LOW HITPOINT WARNING * * *
You die...
Your body crumbles into a pile of gold.

........###.....###.........##...
#.........#.$.....$.........##c..
..(.....#........$#.............#
.....).........$#...............#
........###.....###...)..~.......
~.........#..........~~~~~.......
~~........$......P...~~~~~~~~~...
≈~~.......^..........~~~~~≈≈≈~...
~~~~.....~~~~~..@....~~~~≈≈≈~~...
~~~~<..~~P~~PP~~.m....#.~~~~~~...
~~~~~~~~~~~~###~~.....#.~~~~~~...
~~~~~~~~P~~~#~H~~~.....~≈~~~~~...
~~~~~~##~~~~~~~~~~~....~≈≈≈≈~~~..
P~~ ~P~~~~~~#~~~~~~~~~≈≈≈≈~~m.
/~~~##≈~~~~~~~≈ ~~~~~ ≈≈≈~~~~


You could see a merfolk javelineer and a manticore.

Vanquished Creatures
  4 nagarajas (Snake:4)
  Donald (Shoals:1)
  Ilsuiw (Shoals:3)
  2 frost giants
  2 orc warlords
  6 merfolk javelineers
  A salamander tyrant (Snake:4)
  Josephine (Shoals:1)
  7 merfolk impalers
  4 hydras
  3 catoblepae (Lair:5)
  An alligator snapping turtle (Shoals:4)
  3 merfolk aquamancers
  3 merfolk avatars
  2 centaur warriors
  2 two-headed ogres
  6 anacondas
  6 satyrs
  3 tengu warriors
  9 naga warriors
  3 boulder beetles
  9 naga sharpshooters
  25 death yaks
  Nergalle (Lair:2)
  5 shock serpents
  Sonja (Lair:2)
  8 skysharks
  A salamander mystic (Snake:4)
  A skeletal warrior (D:12)
  4 naga ritualists
  9 sea snakes
  4 orc knights
  A lindwurm (Lair:5)
  5 salamanders
  8 mana vipers
  12 harpies
  An ugly thing (D:11)
  A deep elf pyromancer (D:12)
  23 fauns
  12 cyclopes
  15 manticores
  The ghost of cdecastro the Trooper, a novice TrFi of Makhleb (D:6)
  15 elephants
  7 water nymphs
  9 merfolk sirens
  An apocalypse crab (Shoals:2)
  Joseph (Lair:1)
  20 naga magi
  9 cane toads
  3 guardian serpents
  An ice statue (IceCv)
  20 black mambas
  2 gargoyles
  4 unseen horrors
  9 komodo dragons
  16 rime drakes
  A tengu conjurer (D:10)
  2 efreet
  6 trolls
  6 polar bears
  5 wind drakes
  28 merfolk
  3 blink frogs (Lair:4)
  A hornet (D:8)
  13 snapping turtles
  23 slime creatures
  3 shadows
  9 water elementals
  3 wyverns
  A vampire (D:9)
  9 humans (D:14)
  46 yaks
  5 wraiths
  A warg (Orc:2)
  A steam dragon (D:8)
  10 vampire mosquitoes
  2 basilisks (Lair:3)
  An acid dragon (D:10)
  13 water moccasins
  42 nagas
  41 orc warriors
  A sky beast (D:7)
  A black bear (D:7)
  An ice beast (D:5)
  5 ogres
  10 wolves
  16 centaurs
  2 kobold brigands
  A scorpion (D:4)
  8 bullfrogs
  4 wights (D:7)
  4 killer bees (D:9)
  A howler monkey (D:5)
  3 electric eels
  5 hounds
  A jelly (D:6)
  3 gnoll boudas
  11 orc priests
  2 iguanas
  A sleepcap (D:7)
  17 orc wizards
  33 gnolls
  9 adders
  2 shadow imps (D:8)
  A white imp (D:6)
  3 ufetubi
  3 worms (D:2)
  69 orcs
  9 ball pythons
  8 endoplasms
  3 giant cockroaches
  19 hobgoblins
  15 jackals
  15 kobolds
  6 quokkas
  5 bats
  3 frilled lizards (D:1)
  14 goblins
  7 rats
930 creatures vanquished.

Vanquished Creatures (others)
  A kobold demonologist (D:12)
  A rime drake (D:9)
  A centaur (Orc:2)
  A scorpion (D:5)
  An orc wizard (D:11)
  4 tentacles (Shoals:2)
9 creatures vanquished.

Grand Total: 939 creatures vanquished

Notes
Turn   | Place    | Note
-------+----------+-------------------------------------------
     0 | D:1      | AgateBread the Troll Gladiator began the quest for the Orb.
     0 | D:1      | Reached XP level 1. HP: 19/19 MP: 0/0
    48 | D:1      | Reached XP level 2. HP: 24/28 MP: 1/1
   256 | D:1      | Reached XP level 3. HP: 27/35 MP: 2/2
  1236 | D:2      | Reached XP level 4. HP: 44/44 MP: 3/3
  1888 | D:3      | Found a faded altar of an unknown god.
  2204 | D:3      | Reached skill level 4 in Unarmed Combat
  2272 | D:3      | Reached XP level 5. HP: 50/50 MP: 4/4
  2467 | D:4      | Noticed an animated crystal plate armour
  2481 | D:4      | Found Upellellei's Distillery.
  2493 | D:4      | Bought 2 potions of curing for 66 gold pieces
  2493 | D:4      | Bought a potion of lignification for 33 gold pieces
  2493 | D:4      | Bought a potion of lignification for 33 gold pieces
  2493 | D:4      | Bought a potion of lignification for 33 gold pieces
  2630 | D:4      | Found Pokhist's Antique Weapon Boutique.
  2645 | D:4      | Found Qiduar's Armour Shoppe.
  2647 | D:4      | Noticed an animated crystal plate armour
  3140 | D:4      | Reached XP level 6. HP: 61/61 MP: 5/5
  3180 | D:4      | Found Uhinid's Weapon Shop.
  3637 | D:4      | Found an opulent altar of Gozag.
  3667 | D:4      | Became a worshipper of Gozag Ym Sagoz the Greedy
  3719 | D:4      | Found a glowing golden altar of the Shining One.
  3721 | D:4      | Found a glowing silver altar of Zin.
  3722 | D:4      | Found a white marble altar of Elyvilon.
  3789 | D:4      | Found Juw Pol's Weapon Shoppe.
  3910 | D:5      | Entered Level 5 of the Dungeon
  4016 | D:5      | Reached skill level 5 in Unarmed Combat
  4225 | D:5      | Noticed an ice beast
  4235 | D:5      | Reached XP level 7. HP: 68/68 MP: 6/6
  4691 | D:5      | Identified the +4 spear of the Furious {venom, rC+ rCorr
                  | Str+3 Int-3}
  5069 | D:6      | Identified the amulet "Qoddalada" {Acrobat Rampage rPois
                  | Str+3}
  5314 | D:6      | Reached skill level 5 in Dodging
  5358 | D:6      | Found Lioczekot's Magic Scroll Shoppe.
  5386 | D:6      | Bought a scroll of identify for 24 gold pieces
  5386 | D:6      | Bought a scroll of identify for 24 gold pieces
  5386 | D:6      | Bought a scroll of identify for 24 gold pieces
  5386 | D:6      | Bought a scroll of identify for 24 gold pieces
  5541 | D:6      | Found a runed translucent gate.
  5541 | D:6      | Found a runed translucent gate.
  5541 | D:6      | Found a runed translucent gate.
  5545 | D:6      | Noticed cdecastro's ghost (novice TrFi)
  5567 | D:6      | Reached skill level 6 in Unarmed Combat
  5646 | D:7      | Reached XP level 8. HP: 72/79 MP: 7/7
  5702 | D:7      | Found a staircase to the Ecumenical Temple.
  5714 | D:7      | Reached skill level 5 in Fighting
  5756 | D:7      | You fall into a shaft and drop 1 floor!
  5771 | D:8      | Noticed a hornet
  5782 | D:8      | Found an ornate altar of the Wu Jian Council.
  5868 | D:8      | Found the Hermit's Pendant {Faith Invo=14 Evo=0 MP+5}
  5870 | D:8      | Reached skill level 7 in Unarmed Combat
  5970 | D:8      | Reached XP level 9. HP: 71/89 MP: 8/8
  6017 | D:8      | Found a flagged portal.
  6037 | Bailey   | Entered a bailey
  6172 | Bailey   | Noticed an orc knight
  6207 | Bailey   | Killed an orc knight
  6208 | Bailey   | Reached skill level 8 in Unarmed Combat
  6455 | Bailey   | Noticed an orc warlord
  6486 | Bailey   | Killed an orc warlord
  6487 | Bailey   | Reached skill level 9 in Unarmed Combat
  6487 | Bailey   | Reached XP level 10. HP: 47/102 MP: 9/9
  6559 | Bailey   | Acquired 922 gold pieces
  6665 | D:8      | Found a staircase to the Lair.
  6756 | D:8      | Found a shimmering blue altar of Sif Muna.
  7105 | D:7      | Found Wauddigh's Weapon Boutique.
  7508 | D:7      | Found a sparkling altar of Nemelex Xobeh.
  7635 | D:4      | Bought the +3 robe of the Wary Thickets {rF+ Int+3} for 396
                  | gold pieces
  7787 | D:6      | Killed cdecastro's ghost
  8226 | D:9      | Reached skill level 10 in Unarmed Combat
  8398 | D:9      | Found a staircase to the Orcish Mines.
  8499 | D:9      | Found Saonutu's Antique Armour Shoppe.
  8682 | D:9      | Found the +4 skin of Zhor {*Englaciate rC+++ SInv}
  9294 | D:9      | Reached XP level 11. HP: 100/113 MP: 10/10
  9531 | D:10     | Entered Level 10 of the Dungeon
  9557 | D:10     | Noticed a tengu warrior
  9570 | D:10     | Killed a tengu warrior
 10622 | D:10     | Reached skill level 11 in Unarmed Combat
 10986 | D:11     | Found a shimmering blue altar of Sif Muna.
 11150 | D:11     | Noticed a boulder beetle
 11157 | D:11     | Killed a boulder beetle
 11541 | D:12     | Noticed a centaur warrior
 11547 | D:12     | Killed a centaur warrior
 11670 | D:12     | Reached skill level 10 in Dodging
 11721 | D:12     | Reached XP level 12. HP: 126/126 MP: 11/11
 11742 | D:11     | Noticed a boulder beetle
 11749 | D:11     | Killed a boulder beetle
 11750 | D:11     | Reached skill level 10 in Fighting
 11750 | D:11     | Reached skill level 12 in Unarmed Combat
 11814 | D:11     | Noticed a tengu warrior
 11827 | D:11     | Killed a tengu warrior
 12149 | D:12     | Reached skill level 13 in Unarmed Combat
 12581 | D:12     | Reached skill level 5 in Throwing
 13001 | D:12     | Identified the +0 flail of Bodily Harmony {drain, Contam
                  | rPois rN++ Str+3}
 13030 | D:12     | Identified the +0 leather armour of Dumoarup {Regen+ SInv}
 13296 | D:13     | Reached skill level 14 in Unarmed Combat
 13625 | D:13     | Noticed a tengu warrior
 13634 | D:13     | Killed a tengu warrior
 13657 | D:13     | Noticed a two-headed ogre
 13663 | D:13     | Killed a two-headed ogre
 13765 | D:13     | Reached XP level 13. HP: 133/133 MP: 12/12
 14051 | D:13     | Bought 2 potions of curing for 90 gold pieces
 14051 | D:13     | Bought a potion of magic for 120 gold pieces
 14051 | D:13     | Bought a potion of invisibility for 120 gold pieces
 14051 | D:13     | Bought 2 potions of curing for 90 gold pieces
 14051 | D:13     | Bought a potion of berserk rage for 75 gold pieces
 14051 | D:13     | Bought a potion of heal wounds for 75 gold pieces
 14051 | D:13     | Bought a potion of curing for 45 gold pieces
 14288 | D:14     | Noticed Rupert
 14288 | D:14     | Found a gate to the Vaults.
 14958 | Lair:1   | Entered Level 1 of the Lair of Beasts
 14964 | Lair:1   | Noticed Joseph
 14978 | Lair:1   | Killed Joseph
 15530 | Lair:1   | Reached skill level 15 in Unarmed Combat
 15897 | Lair:2   | Noticed Sonja
 15904 | Lair:2   | Killed Sonja
 15911 | Lair:2   | Noticed Nergalle
 15922 | Lair:2   | Killed Nergalle
 15989 | Lair:2   | Found a staircase to the Snake Pit.
 16268 | Lair:2   | Found a staircase to the Shoals.
 16710 | Lair:3   | Found a frozen archway.
 16816 | IceCv    | Entered an ice cave
 16878 | IceCv    | Reached skill level 16 in Unarmed Combat
 16922 | IceCv    | Reached XP level 14. HP: 85/143 MP: 13/13
 17151 | IceCv    | Reached skill level 10 in Throwing
 17197 | IceCv    | Noticed a frost giant
 17210 | IceCv    | Killed a frost giant
 18304 | Lair:3   | Found a runed translucent gate.
 18305 | Lair:3   | Found a runed translucent gate.
 18306 | Lair:3   | Found a runed translucent gate.
 18306 | Lair:3   | Noticed acarine's ghost (journeyman TrWr)
 19080 | Lair:4   | Reached skill level 17 in Unarmed Combat
 19386 | Lair:4   | Bought a silken robe for 199 gold pieces
 19386 | Lair:4   | Identified the +0 robe "Ecast" {rElec rF+} (You bought it
                  | in a shop on level 4 of the Lair of Beasts)
 19434 | Lair:5   | Entered Level 5 of the Lair of Beasts
 20237 | Lair:5   | Reached XP level 15. HP: 149/149 MP: 14/14
 20315 | Lair:5   | Found a staircase to the Slime Pits.
 20316 | Lair:5   | Found a viscous altar of Jiyva.
 20889 | Lair:5   | Reached skill level 18 in Unarmed Combat
 21405 | Orc:1    | Entered Level 1 of the Orcish Mines
 21864 | Orc:2    | Entered Level 2 of the Orcish Mines
 22438 | Orc:2    | Found Zesadi's Antique Armour Shop.
 22438 | Orc:2    | Found Hangut's Armour Emporium.
 22440 | Orc:2    | Found Piziuliu's Assorted Antiques.
 22442 | Orc:2    | Found Esuxziomin's Weapon Boutique.
 22523 | Orc:2    | Found a staircase to the Elven Halls.
 23051 | Orc:2    | Bought a scroll of acquirement for 1508 gold pieces
 23051 | Orc:2    | Bought a clouded granite ring for 145 gold pieces
 23051 | Orc:2    | Identified the ring of Springtime {Will+ Str+4 Dex+2 SInv}
                  | (You bought it in a shop on level 2 of the Orcish Mines)
 23102 | Orc:2    | Acquired 1244 gold pieces
 23419 | Snake:1  | Entered Level 1 of the Snake Pit
 23431 | Snake:1  | Reached skill level 1 in Shields
 23819 | Snake:1  | Identified the +0 robe of Starshine {Drain +Inv rPois rF+}
 24690 | Snake:2  | Reached skill level 5 in Shields
 24836 | Snake:2  | Found Inoh's General Store.
 24853 | Snake:2  | Bought a potion of heal wounds for 85 gold pieces
 24853 | Snake:2  | Bought 2 potions of curing for 102 gold pieces
 24853 | Snake:2  | Bought a potion of lignification for 51 gold pieces
 24853 | Snake:2  | Bought a wand of digging (5) for 357 gold pieces
 26252 | Snake:3  | Identified the +2 flail of Manuth {heavy, Str+4}
 26398 | Snake:4  | Entered Level 4 of the Snake Pit
 26509 | Snake:4  | Reached XP level 16. HP: 158/158 MP: 15/15
 27152 | Snake:4  | Reached skill level 10 in Shields
 27587 | Snake:4  | Reached skill level 1 in Armour
 28252 | Snake:4  | Got a serpentine rune of Zot
 28922 | Shoals:1 | Entered Level 1 of the Shoals
 29176 | Shoals:1 | Noticed Josephine
 29212 | Shoals:1 | Killed Josephine
 29388 | Shoals:1 | Noticed Donald
 29403 | Shoals:1 | Killed Donald
 30063 | Shoals:2 | Noticed a kraken
 30811 | Shoals:2 | Reached skill level 5 in Armour
 30818 | Shoals:2 | Reached XP level 17. HP: 170/170 MP: 16/16
 31238 | Shoals:3 | Noticed Ilsuiw
 31268 | Shoals:3 | Identified the +8 great sword of Urygu {heavy, Fragile
                  | rPois Int+9 Stlth+}
 31296 | Shoals:3 | Killed Ilsuiw
 31332 | Shoals:3 | Identified the +8 scale mail "Ofuyloes" {rPois rF+ Dex+4}
 32498 | Shoals:4 | Entered Level 4 of the Shoals
 33399 | Shoals:4 | Got a barnacled rune of Zot
 33518 | Shoals:4 | HP: 2/174 [merfolk javelineer/silver javelin (15)]
 33518 | Shoals:4 | Hit by a silver javelin thrown by a merfolk javelineer

Illustrated notes

Levels and vault maps discovered:
D:1:      erik_arrival_cave_to_civilisation [erik_arrival_cave_to_hall],
          layout_basic
D:2:      layout_basic
D:3:      layout_basic, shapermc_ecumenical_altar_pompeii
D:4:      layout_basic, good_gods_temple_1, lemuel_doored_altar, serial_shops,
          nicolae_shop_mannequins, shop, kennysheep_mini_moat,
          nicolae_shop_back_alley_shop, shop
D:5:      layout_loops_corners
D:6:      layout_loops_ring, serial_shops, nicolae_shop_tiny_waterfront,
          ebering_ghost_rock_garden
D:7:      layout_loops_ring, nemelex_dance_club_becter,
          minmay_temple_entry_mini_moons, serial_shops,
          nicolae_shop_pleasant_corner_grove
D:8:      layout_rooms, mainiacjoe_overflow_small_starburst,
          nicolae_wu_jian_wuxing_cycle, lair_entry_dummy, enter_bailey_2,
          nicolae_figureground_sparkle
D:9:      layout_basic, orc_0_dummy, serial_shops, shop,
          kennysheep_another_room, hellmonk_guarded_unrand_zhor
D:10:     layout_loops_cross, serial_bayou_ford_a
D:11:     cheibrodos_elevator_heist, layout_rooms, minivault_19,
          chequers_serial_rivers_marsh, led_sif_book
D:12:     layout_loops_cross, grunt_tough_drop
D:13:     layout_roguey, grunt_decor_junction
D:14:     wander_river, layout_irregular_city, david_vaults_3,
          lemuel_coloured_pillars_altar
Lair:1:   layout_regular_city, uniq_joseph
Lair:2:   layout_long_grid, nicolae_shoals_entry_roost,
          guppyfry_snake_entry_island, uniq_sonja, uniq_nergalle
Lair:3:   layout_loops_ring, portal_ice_cave_entry_pillars_2,
          gammafunk_ghost_hydra_chop, gauntlet_entry_generic,
          pdpol_lair_cavern_descent
Lair:4:   layout_small_grid
Lair:5:   evilmike_catoblepas_cave, layout_layer_cave, slime_entry_1,
          grunt_megastairs_4
Shoals:1: layout_shoals, uniq_josephine, uniq_donald
Shoals:2: dreamdust_from_the_deep, layout_shoals
Shoals:3: layout_shoals, st_shoals_ruin, uniq_ilsuiw
Shoals:4: shoals_end_grunt_garden, layout_shoals
Snake:1:  layout_grid_maze, nicolae_snake_gridmaze_big_u, lemuel_fruit_tree
Snake:2:  layout_chambers, serial_shops, shop, st_stairs_8, serial_bayou_shore_b
Snake:3:  layout_honeycomb, uniq_aizul, uniq_roxanne
Snake:4:  snake_pit, layout_basic
Orc:1:    layout_caves, basic_altar
Orc:2:    st_orc_rangers, layout_diamond_mine

Skill      XL: |  1  2  3  4  5  6  7  8  9 10 11 12 13 14 15 16 17 |
---------------+----------------------------------------------------+-----
Fighting       | 2 3 4 5 7 8 9 10 11 12 | 12.3
Dodging        | 3 4 5 6 7 8 10 | 10.0
Unarmed Combat | 4 5 6 7 9 10 11 14 16 17 18 | 18.3
Throwing       | 6 9 12 | 12.8
Shields        | 8 11 12 | 12.9
Armour         | 5 7 |  7.4

Action                     |  1- 3 |  4- 6 |  7- 9 | 10-12 | 13-15 | 16-18 || total
---------------------------+-------+-------+-------+-------+-------+-------++-------
  Melee: Unarmed           |   128 |   193 |   198 |   536 |  1147 |   948 ||  3150
         Punch             |     2 |     5 |     8 |    41 |   112 |       ||   168
  Throw: Boomerang         |       |     2 |    13 |    25 |    44 |    99 ||   183
         Dart              |       |       |     3 |     2 |       |     2 ||     7
         Large rock        |       |       |     2 |    18 |    32 |    38 ||    90
         Throwing net      |       |       |     6 |     4 |       |     2 ||    12
         Stone             |       |       |     1 |       |       |       ||     1
         Javelin           |       |       |       |     1 |     7 |     6 ||    14
 Invoke: Call Merchant     |       |       |       |       |     3 |       ||     3
         Potion Petition   |       |       |       |       |     2 |     2 ||     4
  Evoke: Wand              |       |       |     2 |     7 |     5 |     1 ||    15
    Use: Scroll            |     5 |     3 |    10 |     8 |    10 |    10 ||    46
         Potion            |       |       |     4 |     5 |     3 |    12 ||    24
   Stab: Sleeping          |     1 |     1 |     1 |     3 |     4 |     1 ||    11
         Distracted        |       |       |     1 |     5 |     6 |     5 ||    17
         Held in net/web   |       |       |     3 |     1 |       |       ||     4
         Petrifying        |       |       |       |       |     1 |       ||     1
         Invisible         |       |       |       |       |     7 |     1 ||     8
 Armour: Robe              |    57 |    59 |    36 |    33 |       |       ||   185
         Skin              |       |       |    13 |       |       |       ||    13
         Animal skin       |       |       |       |    50 |   146 |    80 ||   276
  Dodge: Dodged            |    65 |    94 |    95 |   329 |   883 |   314 ||  1780
  Block: Tower shield      |       |       |       |       |   136 |   710 ||   846
